 Dungeon Crawl Stone Soup version 0.24.1-8-ga250c9d538 (webtiles) character file.

Game seed: 16877094001848816396, levelgen mode: deterministic

2525 Peloso the Carver (level 9, -2/68 HPs)
             Began as a Demonspawn Fighter on Apr 27, 2020.
             Was a Follower of Okawaru.
             Slain by a black bear (5 damage)
             ... on level 7 of the Dungeon.
             The game lasted 00:15:01 (7076 turns).

Peloso the Carver (Demonspawn Fighter)              Turns: 7076, Time: 00:15:02

Health: -2/68      AC: 14    Str: 19    XL:     9   Next: 29%
Magic:  0/18       EV:  4    Int: 10    God:    Okawaru [*.....]
Gold:   273        SH: 10    Dex: 13    Spells: 8/8 levels left

rFire    . . .     SeeInvis .   a - +0 long sword
rCold    . . .     Gourm    .   c - +0 shield
rNeg     . . .     Faith    .   t - +0 plate armour
rPois    .         Spirit   +   (no helmet)
rElec    .         Reflect  .   o - scarf {repulsion}
rCorr    .         Harm     .   (no gloves)
MR       .....                  (no boots)
Stlth    ..........             u - amulet of the acrobat
HPRegen  0.21/turn              (no ring)
MPRegen  0.16/turn              k - ring of magical power

@: slowed, repel missiles, very slow
A: hooves 1, molten scales 1, nightstalker 1, magic shield
a: Heroism, Renounce Religion


You were on level 7 of the Dungeon.
You worshipped Okawaru.
Okawaru was aware of your devotion.
You were near starving.

You visited 2 branches of the dungeon, and saw 8 of its levels.

You collected 273 gold pieces.

Inventory:

Hand Weapons
 a - a +0 long sword (weapon)
 b - a +0 trident
Armour
 c - a +0 shield (worn)
 o - a scarf of repulsion (worn)
 p - a +0 chain mail
 t - a +0 plate armour (worn)
Jewellery
 i - an uncursed ring of ice
 k - a ring of magical power (right hand)
 r - an uncursed ring of ice
 u - an amulet of the acrobat (around neck)
Wands
 q - a wand of acid (3)
Scrolls
 e - 3 scrolls of magic mapping {unknown}
 g - a scroll of identify
 h - 4 scrolls of remove curse
 l - 3 scrolls of enchant armour
 m - 4 scrolls of teleportation
Potions
 n - 5 potions of agility {unknown}
 s - a potion of curing
 v - a potion of flight
Comestibles
 f - 11 rations


   Skills:
 + Level 5.5 Fighting
 + Level 8.0 Long Blades
 + Level 5.3 Armour
 + Level 1.2 Dodging
 + Level 0.4 Stealth
 + Level 5.8 Shields
 + Level 0.1 Invocations
 + Level 1.0 Evocations


You had 8 spell levels left.
You didn't know any spells.
Your spell library contained the following spells:

 Spells                   Type           Power        Failure   Level  Hunger
 Magic Dart               Conj           #...         100%        1    ##.....
 Blink                    Tloc           N/A          100%        2    ###....
 Call Imp                 Summ           #.......     100%        2    ###....
 Slow                     Hex            #.......     100%        2    ###....
 Conjure Flame            Conj/Fire      #.......     100%        3    ####...
 Mephitic Cloud           Conj/Pois/Air  #.......     100%        3    ####...
 Bolt of Magma            Conj/Fire/Erth #.........   100%        5    ######.
 Iskenderun's Battlesphe  Conj/Chrm      #.......     100%        5    ######.
 Venom Bolt               Conj/Pois      #.........   100%        5    ######.
 Iron Shot                Conj/Erth      #.........   100%        6    #######
 Orb of Destruction       Conj           #.........   100%        7    #######
 Spellforged Servitor     Conj/Summ      #.........   100%        7    #######


Dungeon Overview and Level Annotations

Branches:
Dungeon (7/15)             Temple (1/1) D:4

Altars:
Ashenzari
Cheibriados
Dithmenos
Elyvilon
Gozag
Hepliaklqana
Kikubaaqudgha
Makhleb
Nemelex Xobeh
Okawaru
Qazlal
Sif Muna
Trog
Uskayaw
Vehumet
Wu Jian
Xom
Yredelemnul
Zin
The Shining One


Innate Abilities, Weirdness & Mutations

You have large cloven feet.
You are partially covered in molten scales. (AC +2)
You are slightly more attuned to the shadows.
When hurt, damage is shared between your health and your magic reserves.


Message History

The black bear claws you but does no damage. x2
The orc wizard closely misses you.
Unknown command.
You bump into the rock wall.
The black bear bites you.
* * * LOW HITPOINT WARNING * * *
The black bear claws you but does no damage. x2
The orc wizard points at you and mumbles some strange words.
The magic dart hits you but does no damage.
The black bear bites you but does no damage.
The black bear claws you but does no damage. x2
The orc wizard barely misses you.
Okay, then.
You're too confused!
You feel better. You block the black bear's attack. The black bear claws you.
You block the black bear's attack.
The orc wizard hits you but does no damage.
You are electrocuted!!
* * * LOW HITPOINT WARNING * * *
The black bear bites you.
You die...

##..≈# ##...≈# ###
#≈...## #...h.._ ...
#≈..## ##### #......P
... #≈.#### #...#
#.....) ...
#≈....####...# #....#
... ##≈....#.#...#
#....# ### #≈.8.hho..>.#
#....# ###
#≈≈..)#@....#####....#.
..#
##≈≈.####...........(..#
.(# #####
#..............# ..#
#....########..# ..#
#....# .. ### #....# .
######


You could see 2 black bears and an orc wizard.

Vanquished Creatures
  Grinder (D:6)
  2 steam dragons (D:7)
  A hungry ghost (D:7)
  2 ice beasts
  A sky beast (D:7)
  2 phantoms
  3 centaurs
  4 ogres (D:6)
  A bullfrog (D:6)
  A scorpion (D:7)
  3 howler monkeys (D:7)
  2 crimson imps
  A bullfrog zombie (D:7)
  2 hounds (D:6)
  2 jellies
  2 orc priests (D:3)
  3 bullfrog skeletons
  2 iguanas
  3 worker ants
  A hound zombie (D:6)
  9 adders
  3 adder zombies (D:6)
  An ooze (D:4)
  2 adder skeletons (D:4)
  2 worms
  2 dart slugs
  6 leopard geckos
  8 orcs
  8 bats
  6 giant cockroaches
  4 goblins
  15 hobgoblins
  2 jackals (D:2)
  7 kobolds
  3 quokkas (D:3)
  2 ball pythons
  6 frilled lizards
  8 rats
133 creatures vanquished.

Notes
Turn   | Place    | Note
-------+----------+-------------------------------------------
     0 | D:1      | Peloso the Demonspawn Fighter began the quest for the Orb.
     0 | D:1      | Reached XP level 1. HP: 18/18 MP: 1/1
    53 | D:1      | Gained mutation: You are partially covered in molten
                  | scales. (AC +2) [demonic ancestry]
    53 | D:1      | Reached XP level 2. HP: 14/24 MP: 2/2
   178 | D:1      | Reached skill level 2 in Long Blades
   652 | D:1      | Reached XP level 3. HP: 29/29 MP: 3/3
   764 | D:2      | Found a stormy altar of Qazlal.
  1138 | D:2      | Found a basalt altar of Yredelemnul.
  1192 | D:2      | Found a radiant altar of Vehumet.
  1662 | D:3      | Reached XP level 4. HP: 34/35 MP: 4/4
  1730 | D:3      | Found a sparkling altar of Nemelex Xobeh.
  1730 | D:3      | Found an ancient bone altar of Kikubaaqudgha.
  1840 | D:3      | Reached skill level 3 in Long Blades
  1896 | D:2      | Gained mutation: You are slightly more attuned to the
                  | shadows. [demonic ancestry]
  1896 | D:2      | Reached XP level 5. HP: 23/41 MP: 5/5
  2758 | D:4      | Noticed a phantom
  3087 | D:4      | Killed a phantom
  3087 | D:4      | Reached XP level 6. HP: 10/47 MP: 6/6
  3584 | D:4      | Reached skill level 1 in Dodging
  3707 | D:4      | Reached skill level 4 in Long Blades
  3747 | D:4      | Found a staircase to the Ecumenical Temple.
  3764 | Temple   | Entered the Ecumenical Temple
  3996 | D:5      | Entered Level 5 of the Dungeon
  4433 | D:5      | Reached XP level 7. HP: 27/55 MP: 7/7
  4897 | D:5      | Found a shadowy altar of Dithmenos.
  5637 | D:6      | Found an ornate altar of the Wu Jian Council.
  5713 | D:6      | Reached skill level 5 in Long Blades
  5980 | D:6      | Found an opulent altar of Gozag.
  5981 | D:6      | Found a glowing silver altar of Zin.
  6177 | D:6      | Gained mutation: When hurt, damage is shared between your
                  | health and your magic reserves. [demonic ancestry]
  6177 | D:6      | Reached XP level 8. HP: 61/61 MP: 8/8
  6225 | D:6      | Found an iron altar of Okawaru.
  6226 | D:6      | Noticed Grinder
  6235 | D:6      | Killed Grinder
  6235 | D:6      | Reached skill level 5 in Fighting
  6235 | D:6      | Reached skill level 6 in Long Blades
  6262 | D:6      | Reached skill level 5 in Armour
  6268 | D:6      | Reached skill level 5 in Shields
  6281 | D:6      | Became a worshipper of Warmaster Okawaru
  6466 | D:6      | Reached skill level 1 in Evocations
  6580 | D:7      | Reached skill level 7 in Long Blades
  6629 | D:7      | Reached * piety under Okawaru
  6644 | D:7      | Gained mutation: You have large cloven feet. [demonic
                  | ancestry]
  6644 | D:7      | Reached XP level 9. HP: 66/68 MP: 9/9
  7028 | D:7      | Found a bloodstained altar of Trog.
  7045 | D:7      | Reached skill level 8 in Long Blades
  7076 | D:7      | HP: 3/68 [orc wizard/+1 dagger of electrocution (17)]
  7076 | D:7      | Slain by a black bear

Levels and vault maps discovered:
D:1:      minmay_arrival_jagged, layout_basic, wad_floor_pattern_1,
          minmay_split_cup_large
D:2:      layout_loops_ring, fiery_altar_vehumet, grunt_temple_overflow_open
D:3:      layout_loops_corners, chequers_temple_overflow_statue_of_worship,
          hangedman_abyss_or_decor_stabs, serial_park_tiny_pond
D:4:      layout_basic, temple_statues, first_ration
D:5:      layout_cave_pods, nicolae_dithmenos_shadow_blocks
D:6:      layout_rooms, grunt_temple_overflow_gold_and_silver,
          okawaru_ov_weapons_minmay, lemuel_doored_altar, uniq_grinder
D:7:      cheibrodos_steamvent, layout_basic, nicolae_ru_path_of_blood,
          trog_ov_bears_minmay, fedhas_altar_4, minivault_23
Temple:   nicolae_temple_figure_zero

Skill      XL: |  1  2  3  4  5  6  7  8  9 |
---------------+----------------------------+-----
Long Blades    | 2 3 4 5 7 8 |  8.0
Armour         | 3 4 5 |  5.3
Shields        | 3 4 5 |  5.8
Dodging        | 1 |  1.2
Fighting       | 4 5 |  5.5
Evocations     | 1 |  1.0
Stealth        | |  0.4
Invocations    | |  0.1

Action                   |  1- 3 |  4- 6 |  7- 9 || total
-------------------------+-------+-------+-------++-------
Melee: Long sword        |   149 |   272 |   352 ||   773
       Kick              |       |       |    19 ||    19
Invok: Heroism           |       |       |     4 ||     4
Evoke: Wand              |       |     1 |     4 ||     5
  Use: Scroll            |     5 |       |     3 ||     8
       Potion            |     4 |     1 |     3 ||     8
  Eat: Chunk             |     2 |     9 |     5 ||    16
       Ration            |       |       |     2 ||     2
Armor: Scale mail        |    82 |   102 |       ||   184
       Plate armour      |       |    63 |   293 ||   356
       Chain mail        |       |     1 |       ||     1
Dodge: Dodged            |    45 |    64 |   105 ||   214
       Deflected         |       |     2 |     2 ||     4
Block: Shield            |    69 |   155 |   214 ||   438
       Rpst.: Long sword |    18 |    19 |    24 ||    61
